 Dungeon Crawl Stone Soup version 0.24.0-13-gcf9b3192b9 (webtiles) character file.

Game seed: 14746175123071748401, levelgen mode: deterministic

15298 Midas the Nimble (level 12, 0/80 HPs)
             Began as a Kobold Wizard on Nov 10, 2019.
             Was a Priest of Vehumet.
             Slain by a five-headed hydra (2 damage)
             ... on level 12 of the Dungeon.
             The game lasted 00:43:43 (19326 turns).

Midas the Nimble (Kobold Wizard)                   Turns: 19326, Time: 00:43:45

Health: 0/80       AC: 11    Str:  7    XL:     12   Next: 55%
Magic:  25/27      EV: 23    Int: 25    God:    Vehumet [***...]
Gold:   637        SH:  2    Dex: 13    Spells: 1/19 levels left

rFire    . . .     SeeInvis .   K - +4 rapier (elec)
rCold    . . .     Gourm    .   (shield restricted)
rNeg     + . .     Faith    .   y - +2 robe {rN+}
rPois    +         Spirit   .   m - +1 helmet
rElec    .         Reflect  +   k - +2 cloak
rCorr    .         Harm     .   M - +0 pair of gloves of the Insatiable Beds {MP+9 Stlth+} (curse)
MR       .....                  G - +0 pair of boots
Stlth    +++.......             v - +2 amulet of reflection
HPRegen  0.23/turn              A - ring of poison resistance
MPRegen  0.20/turn              V - +3 ring of strength

@: no status effects
A: small, carnivore
a: Renounce Religion


You were on level 12 of the Dungeon.
You worshipped Vehumet.
Vehumet was most pleased with you.
You were full.

You visited 1 branch of the dungeon, and saw 12 of its levels.

You collected 681 gold pieces.
You spent 44 gold pieces at shops.

Inventory:

Hand Weapons
 e - a +3 short sword of protection
 l - a +0 demon blade
 u - a +3 dagger of draining
 I - a +2 short sword of venom
 K - a +4 rapier of electrocution (weapon)
 Q - a +4 scimitar of flaming
Missiles
 c - 4 curare-tipped darts (quivered)
Armour
 a - a +0 robe
 b - a +0 hat
 k - a +2 cloak (worn)
 m - a +1 helmet (worn)
 y - a +2 robe of positive energy (worn)
 B - the +3 chain mail of Resilience {*Drain rPois rC++ Str+3}
   (You found it on level 4 of the Dungeon)

   It affects your strength (+3).
   It greatly protects you from cold.
   It protects you from poison.
   It causes draining when unequipped.
 G - a +0 pair of boots (worn)
 M - the cursed +0 pair of gloves of the Insatiable Beds (worn) {MP+9 Stlth+}
   (You found it on level 9 of the Dungeon)

   It affects your magic capacity (+9).
   It makes you more stealthy.
   It has a curse placed upon it.
 R - a +2 robe of magic resistance
Jewellery
 v - a +2 amulet of reflection (around neck)
 A - a ring of poison resistance (left hand)
 C - an uncursed ring of positive energy {unknown}
 H - an uncursed ring of protection from cold
 L - the amulet "Geith" {Gourm rPois}
   (You took it off a centaur on level 12 of the Dungeon)

   [amulet of the gourmand]

   It allows you to eat raw meat even when not hungry.
   It protects you from poison.
 O - a +3 ring of dexterity {unknown}
 V - a +3 ring of strength (right hand)
 X - an uncursed ring of protection from fire
Wands
 F - a wand of enslavement (6)
 J - a wand of random effects (49)
 P - a wand of flame (24)
 U - a wand of polymorph (10)
 W - a wand of digging (5)
Scrolls
 g - 3 scrolls of amnesia
 h - a scroll of fog
 i - a scroll of fear {unknown}
 j - 2 scrolls of enchant armour
 n - a scroll of immolation {unknown}
 q - 6 scrolls of teleportation {unknown}
 r - 2 scrolls of enchant weapon
 s - 4 scrolls of remove curse
 S - a scroll of magic mapping {unknown}
Potions
 f - 7 potions of curing
 o - 4 potions of heal wounds
 p - 4 potions of lignification
 t - a potion of mutation
 x - 2 potions of ambrosia
 z - a potion of invisibility
 D - 2 potions of magic
 E - a potion of might {unknown}
 T - a potion of agility
Miscellaneous
 N - a phantom mirror
Comestibles
 d - 21 rations


   Skills:
 + Level 11.3 Fighting
 + Level 10.7 Short Blades
 + Level 13.3 Dodging
 - Level 2.6 Stealth
 - Level 4.0 Spellcasting
 - Level 6.0 Conjurations
 - Level 1.0 Summonings
 - Level 3.0 Necromancy
 - Level 2.0 Translocations
 - Level 3.0 Fire Magic
 - Level 3.0 Air Magic


You had one spell level left.
You knew the following spells:

 Your Spells              Type           Power        Failure   Level  Hunger
a - Magic Dart            Conj           ####         1%          1    None
b - Call Imp              Summ           ##......     9%          2    None
c - Mephitic Cloud        Conj/Pois/Air  ###.....     2%          3    ##.....
d - Conjure Flame         Conj/Fire      ####....     1%          3    ##.....
e - Animate Skeleton      Necr           N/A          2%          1    None
f - Blink                 Tloc           N/A          6%          2    None
g - Searing Ray           Conj           #####.       1%          2    None
h - Confusing Touch       Hex            #.....       9%          1    None
i - Inner Flame           Hex/Fire       ##......     4%          3    ##.....

Your spell library contained the following spells:

 Spells                   Type           Power        Failure   Level  Hunger
 Pain                     Necr           ###.         2%          1    None
 Apportation              Tloc           ###...       3%          1    None
 Summon Small Mammal      Summ           ##..         6%          1    None
 Corona                   Hex            #......      9%          1    None
 Dazzling Spray           Conj/Hex       ###...       2%          3    ##.....
 Vampiric Draining        Necr           ###.......   8%          3    ##.....
 Ensorcelled Hibernation  Hex/Ice        #.....       14%         2    None
 Slow                     Hex            #.......     14%         2    None
 Regeneration             Chrm/Necr      ##........   14%         3    ##.....
 Confuse                  Hex            #.......     26%         3    ##.....
 Tukima's Dance           Hex            #.......     26%         3    ##.....
 Animate Dead             Necr           N/A          26%         4    ####...


Dungeon Overview and Level Annotations

Branches:
Dungeon (12/15)            Temple (0/1) D:7            Lair (0/6) D:11
    Orc (0/2) D:11

Altars:
Cheibriados
Gozag
Okawaru
Qazlal
Ru
Sif Muna
Trog
Uskayaw
Vehumet
Xom
Yredelemnul
Zin

Shops:
D:5 !

Annotations:
D:8 3 runed translucent doors, Tartanist's ghost, novice CeHu


Innate Abilities, Weirdness & Mutations

You are small and have problems with some larger weapons.
You are carnivorous and can eat meat at any time.


Message History

Your magical contamination has completely faded away.
Unknown command.
The kobold demonologist looks braver for a moment.
Things that are here:
a cursed +4 mace; a +0 robe
Things that are here:
a +3 short sword of freezing; a +0 robe
Casting: Call Imp (safe; 9% risk of failure)
Confirm with . or Enter, or press ? or * to list all spells.
Aiming: Magic Dart (safe; 1% risk of failure)
Press: ? - help, Shift-Dir - straight line, f - five-headed hydra
Aim: a five-headed hydra The magic dart hits the five-headed hydra.
The five-headed hydra is lightly wounded.
The five-headed hydra barely misses you.
The five-headed hydra bites you!
* * * LOW HITPOINT WARNING * * *
The five-headed hydra closely misses you.
The five-headed hydra bites you.
You die...

#.......#..................).>..
#...................############
#.....#...####..........## ###
#.....#....###......##...#####..
#..........#.............).##...
#............#......#####......K
##.###......######.## #......#
##.##..#.....<####.#### ##...D##
#..##..#.......@.#....# ##..##.
#.###)..........D####.# #..#.#
#.........#.....(..)).## ##..##.
#................####D.###...#(#
#................# #..D.K...##.
#................# ##.......#.#
##.(..........(...## #....#..##.
#..###...##........# #........##
#.## #.#......##>#.# ##........#


You could see a five-headed hydra.

Vanquished Creatures
  A centaur warrior (D:12)
  Erica (D:10)
  Sonja (D:11)
  A faun (shapeshifter) (D:12)
  A cyclops (D:11)
  Maurice (D:10)
  A centaur skeleton (D:10)
  4 centaur zombies
  3 gargoyles (D:11)
  A kobold demonologist (D:12)
  3 trolls
  A slime creature (D:12)
  4 hippogriffs
  3 wyverns
  A hog (shapeshifter) (D:12)
  4 yaks (D:9)
  A steam dragon (D:11)
  2 hungry ghosts
  2 water moccasins
  A black bear (D:8)
  An eye of draining (D:12)
  3 orc warriors
  5 ice beasts
  A sky beast (D:9)
  4 phantoms
  4 centaurs
  A necrophage (D:7)
  6 ogres
  5 bullfrogs
  A gnoll sergeant (D:12)
  2 wyvern zombies
  A water moccasin skeleton (D:8)
  2 scorpions
  15 wights
  7 killer bees
  3 howler monkeys
  4 crimson imps
  3 quasits
  2 jellies
  9 hounds
  4 orc priests
  2 gnoll shamans
  3 iguanas
  7 orc wizards
  9 worker ants
  A hound skeleton (D:4)
  10 adders
  11 gnolls
  3 shadow imps
  2 oozes
  3 worms
  2 dart slugs (D:2)
  3 leopard geckos
  28 orcs
  6 giant cockroaches
  A hobgoblin (D:1)
  10 jackals
  3 kobolds (D:1)
  2 quokkas
  5 bats
  2 frilled lizards (D:4)
  3 goblins
  A jackal zombie (D:6)
  A leopard gecko skeleton (D:5)
  6 rats
244 creatures vanquished.

Vanquished Creatures (collateral kills)
  Snorg (D:10)
  Duvessa (D:5)
  A phantom (D:6)
  An orc warrior (D:8)
  An ogre (D:5)
  Dowan (D:5)
  2 scorpions
  An orc wizard (D:8)
  A worker ant (D:4)
  A leopard gecko (D:5)
  3 orcs
  A frilled lizard (D:4)
  A jackal skeleton (D:4)
16 creatures vanquished.

Vanquished Creatures (others)
  An iguana (D:4)
1 creature vanquished.

Grand Total: 261 creatures vanquished

Notes
Turn   | Place    | Note
-------+----------+-------------------------------------------
     0 | D:1      | Midas the Kobold Wizard began the quest for the Orb.
     0 | D:1      | Reached XP level 1. HP: 10/10 MP: 4/4
   299 | D:1      | Reached XP level 2. HP: 15/15 MP: 0/6
  1550 | D:2      | Reached XP level 3. HP: 9/19 MP: 5/8
  1717 | D:2      | Learned a level 2 spell: Call Imp
  1721 | D:2      | Learned a level 3 spell: Mephitic Cloud
  1725 | D:2      | Learned a level 3 spell: Conjure Flame
  1847 | D:2      | Found an iron altar of Okawaru.
  2471 | D:3      | Reached skill level 1 in Short Blades
  2471 | D:3      | Reached XP level 4. HP: 24/24 MP: 1/10
  2713 | D:3      | Reached skill level 1 in Air Magic
  2892 | D:3      | Noticed an ice beast
  3297 | D:4      | Reached skill level 3 in Dodging
  3297 | D:4      | Reached skill level 1 in Fire Magic
  3391 | D:4      | Reached XP level 5. HP: 27/28 MP: 1/11
  3720 | D:4      | Reached XP level 6. HP: 15/32 MP: 3/12
  4449 | D:4      | Found a radiant altar of Vehumet.
  4462 | D:4      | Became a worshipper of Vehumet
  4548 | D:4      | Got a bloodstained chain mail
  4574 | D:4      | Reached skill level 4 in Dodging
  4695 | D:4      | Identified the +3 chain mail of Resilience {*Drain rPois
                  | rC++ Str+3} (You found it on level 4 of the Dungeon)
  4820 | D:5      | Entered Level 5 of the Dungeon
  4842 | D:5      | Found Ropa Udd's Distillery.
  4850 | D:5      | Bought a potion of curing for 33 gold pieces
  4850 | D:5      | Bought a potion of degeneration for 11 gold pieces
  4963 | D:5      | Noticed an ice beast
  5266 | D:5      | Killed an ice beast
  5266 | D:5      | Reached XP level 7. HP: 36/36 MP: 4/13
  5525 | D:5      | Noticed Duvessa
  5526 | D:5      | Noticed Dowan
  5620 | D:5      | Killed Duvessa
  6409 | D:4      | Reached skill level 5 in Dodging
  6507 | D:5      | Killed Dowan
  6620 | D:5      | Reached XP level 8. HP: 38/41 MP: 7/14
  6770 | D:5      | Learned a level 1 spell: Animate Skeleton
  6862 | D:5      | Found a basalt altar of Yredelemnul.
  6863 | D:5      | Found a sacrificial altar of Ru.
  7174 | D:5      | Reached skill level 1 in Necromancy
  7675 | D:6      | Reached skill level 1 in Fighting
  7675 | D:6      | Reached skill level 6 in Dodging
  8213 | D:6      | Reached skill level 5 in Conjurations
  8334 | D:6      | Found a shimmering altar of Xom.
  8799 | D:6      | Reached XP level 9. HP: 45/49 MP: 8/15
  9036 | D:7      | Found a shimmering blue altar of Sif Muna.
  9259 | D:7      | Found a stormy altar of Qazlal.
  9276 | D:7      | Reached skill level 7 in Dodging
  9674 | D:7      | Found a staircase to the Ecumenical Temple.
  9710 | D:7      | Reached skill level 8 in Dodging
 10053 | D:7      | Found an opulent altar of Gozag.
 10054 | D:7      | Found a glowing silver altar of Zin.
 10134 | D:8      | Found a bloodstained altar of Trog.
 10146 | D:8      | Reached * piety under Vehumet
 10146 | D:8      | Offered knowledge of Freeze by Vehumet.
 10156 | D:8      | Reached skill level 5 in Fighting
 10248 | D:8      | Noticed a troll
 10265 | D:8      | Killed a troll
 10312 | D:8      | Found a runed translucent gate.
 10312 | D:8      | Found a runed translucent gate.
 10312 | D:8      | Found a runed translucent gate.
 10312 | D:8      | Found an opulent altar of Gozag.
 10312 | D:8      | Noticed a komodo dragon
 10312 | D:8      | Noticed Tartanist's ghost (novice CeHu)
 10577 | D:8      | Noticed a hippogriff
 10610 | D:8      | Killed a hippogriff
 10610 | D:8      | Reached skill level 9 in Dodging
 10827 | D:8      | Reached XP level 10. HP: 60/60 MP: 16/16
 11082 | D:8      | Found a snail-covered altar of Cheibriados.
 11566 | D:8      | Reached skill level 10 in Dodging
 12238 | D:9      | Got a pair of fine gloves
 12239 | D:9      | Identified the cursed +0 pair of gloves of the Insatiable
                  | Beds {MP+9 Stlth+} (You found it on level 9 of the Dungeon)
 13346 | D:9      | Found a hide-covered altar of Uskayaw.
 13512 | D:10     | Entered Level 10 of the Dungeon
 13541 | D:10     | Reached skill level 5 in Short Blades
 13596 | D:9      | Offered knowledge of Throw Flame by Vehumet.
 13726 | D:9      | Learned a level 2 spell: Blink
 13890 | D:10     | Noticed Snorg
 13966 | D:10     | Noticed Maurice
 13981 | D:10     | Killed Maurice
 13981 | D:10     | Reached skill level 11 in Dodging
 13981 | D:10     | Reached XP level 11. HP: 69/69 MP: 17/17
 14228 | D:10     | Reached ** piety under Vehumet
 14423 | D:10     | Noticed Erica
 14819 | D:10     | Killed Erica
 15669 | D:10     | Killed Snorg
 15984 | D:11     | Reached skill level 12 in Dodging
 16351 | D:11     | Offered knowledge of Searing Ray by Vehumet.
 16384 | D:11     | Reached skill level 10 in Fighting
 16426 | D:11     | Found a staircase to the Lair.
 16445 | D:11     | Learned a level 2 spell: Searing Ray
 16505 | D:11     | Noticed a cyclops
 16521 | D:11     | Killed a cyclops
 16885 | D:11     | Noticed Sonja
 16901 | D:11     | Killed Sonja
 16901 | D:11     | Reached XP level 12. HP: 54/78 MP: 18/18
 17093 | D:11     | Found a staircase to the Orcish Mines.
 17522 | D:11     | Reached *** piety under Vehumet
 18113 | D:12     | Learned a level 1 spell: Confusing Touch
 18481 | D:12     | Reached skill level 10 in Short Blades
 18482 | D:12     | Offered knowledge of Inner Flame by Vehumet.
 18488 | D:12     | Learned a level 3 spell: Inner Flame
 18548 | D:12     | Reached skill level 13 in Dodging
 18902 | D:12     | Noticed a centaur warrior
 18911 | D:12     | Identified the amulet "Geith" {Gourm rPois}
 18920 | D:12     | Killed a centaur warrior
 18929 | D:12     | Noticed a five-headed hydra
 19326 | D:12     | HP: 2/80 [five-headed hydra (12)]
 19326 | D:12     | Slain by a five-headed hydra

Levels and vault maps discovered:
D:1:      kennysheep_arrival_seaside, layout_loops_ring, minmay_misc_feat_five
D:2:      layout_rooms, first_ration, okawaru_metal_pillars_3
D:3:      layout_loops_ring
D:4:      layout_basic, fiery_altar_vehumet
D:5:      layout_loops_cross, grunt_temple_overflow_open, serial_shops, shop,
          uniq_duvessa
D:6:      layout_rooms, lemuel_doored_altar, interstate_on_off
D:7:      layout_rooms, grunt_temple_overflow_gold_and_silver,
          grunt_qazlal_clouds, minmay_temple_entry_proselytizer, led_sif_pool
D:8:      layout_loops_ring, nicolae_overflow_hidden_temple,
          cheibriados_altar_1, ebering_ghost_gozag
D:9:      layout_cave_pods, kennysheep_little_box
D:10:     layout_irregular_city, uniq_erica, uniq_snorg, uniq_maurice
D:11:     layout_irregular_city, lair_entry_dummy, orc_0_dummy, uniq_sonja
D:12:     minmay_the_grid_octo_triangle [minmay_the_grid_octo_focus,
          minmay_the_grid_octo_prize_square_snowflake,
          minmay_the_grid_octo_checkered], layout_rooms

Skill      XL: |  1  2  3  4  5  6  7  8  9 10 11 12 |
---------------+-------------------------------------+-----
Spellcasting   | 4 |  4.0
Short Blades   | 1 2 3 6 9 10 | 10.7
Air Magic      | 1 2 3 |  3.0
Dodging        | 3 4 5 6 9 11 12 13 | 13.3
Fire Magic     | 1 2 3 |  3.0
Conjurations   | 2 4 5 6 |  6.0
Necromancy     | 2 3 |  3.0
Fighting       | 2 6 8 10 11 | 11.3
Translocations | 2 |  2.0
Stealth        | |  2.6
Summonings     | |  1.0

Action                   |  1- 3 |  4- 6 |  7- 9 | 10-12 || total
-------------------------+-------+-------+-------+-------++-------
Melee: Unarmed           |     3 |       |       |       ||     3
       Short sword       |    38 |    96 |    52 |       ||   186
       Dagger            |       |       |   261 |    77 ||   338
       Rapier            |       |       |       |   583 ||   583
 Cast: Magic Dart        |    65 |   104 |   159 |    83 ||   411
       Call Imp          |       |    16 |    49 |    19 ||    84
       Conjure Flame     |       |     3 |       |       ||     3
       Mephitic Cloud    |       |       |       |     9 ||     9
       Searing Ray       |       |       |       |     2 ||     2
       Confusing Touch   |       |       |       |     4 ||     4
       Inner Flame       |       |       |       |     1 ||     1
Evoke: Wand              |       |       |       |     1 ||     1
  Use: Scroll            |       |    10 |       |     9 ||    19
       Potion            |       |       |     1 |     3 ||     4
 Stab: Sleeping          |       |     2 |     2 |     7 ||    11
       Distracted        |       |     1 |     5 |       ||     6
       Confused          |       |       |       |    10 ||    10
  Eat: Chunk             |     7 |     4 |    27 |    37 ||    75
       Ration            |       |     1 |       |       ||     1
Armor: Robe              |    19 |    33 |   101 |   121 ||   274
Dodge: Dodged            |    51 |    96 |   341 |   583 ||  1071
Block: Other             |       |       |    24 |    31 ||    55
       Reflection        |       |       |     3 |       ||     3
